 Dungeon Crawl Stone Soup version 0.24.0-13-gcf9b319 (webtiles) character file.

Game seed: 8811382866897121386, levelgen mode: deterministic

125 Bronimir the Conjurer (level 4, -1/24 HPs)
             Began as a Deep Elf Conjurer on Apr 21, 2020.
             Slain by a kobold
             ... wielding a +3 short sword
              (5 damage)
             ... on level 3 of the Dungeon.
             The game lasted 00:06:38 (2393 turns).

Bronimir the Conjurer (Deep Elf Conjurer)           Turns: 2393, Time: 00:06:38

Health: -1/24      AC:  2    Str:  5    XL:     4   Next: 82%
Magic:  3/11       EV: 13    Int: 21    God:
Gold:   142        SH:  0    Dex: 15    Spells: 4/10 levels left

rFire    . . .     SeeInvis .   o - +0 war axe (elec)
rCold    . . .     Gourm    .   (no shield)
rNeg     . . .     Faith    .   a - +0 robe
rPois    .         Spirit   .   (no helmet)
rElec    .         Reflect  .   (no cloak)
rCorr    .         Harm     .   (no gloves)
MR       .....                  (no boots)
Stlth    ++........             (no amulet)
HPRegen  0.08/turn              (no ring)
MPRegen  0.12/turn              (no ring)

@: no status effects
A: no striking features
a: no special abilities


You were on level 3 of the Dungeon.
You were not hungry.

You visited 1 branch of the dungeon, and saw 3 of its levels.

You collected 142 gold pieces.

Inventory:

Hand Weapons
 o - a +0 war axe of electrocution (weapon)
 p - a +0 spear
Missiles
 h - 114 stones (quivered)
 i - 90 arrows
 k - 34 sling bullets
 n - 14 bolts
Armour
 a - a +0 robe (worn)
Scrolls
 b - a scroll of identify {unknown}
 d - 2 scrolls of enchant weapon {unknown}
 f - a scroll of teleportation {unknown}
 g - 2 scrolls of amnesia {unknown}
 m - a scroll of remove curse {unknown}
 q - a scroll of immolation {unknown}
 s - a scroll of noise {unknown}
Potions
 e - a potion of degeneration {unknown}
 j - a potion of haste {unknown}
 r - a potion of might {unknown}
Comestibles
 c - 6 rations


   Skills:
 + Level 0.9 Axes
 * Level 0.7 Armour
 * Level 2.7 Dodging
 - Level 2.5 Stealth
 * Level 3.6 Spellcasting
 * Level 5.8 Conjurations
 * Level 1.3 Hexes


You had 4 spell levels left.
You knew the following spells:

 Your Spells              Type           Power        Failure   Level  Hunger
a - Magic Dart            Conj           ####         1%          1    None
b - Searing Ray           Conj           ####..       1%          2    ##.....
c - Dazzling Spray        Conj/Hex       ###...       9%          3    ###....

Your spell library contained the following spells:

 Spells                   Type           Power        Failure   Level  Hunger
 Iskenderun's Mystic Bla  Conj           ####....     11%         4    ####...
 Fulminant Prism          Conj/Hex       ###.......   28%         4    ####...
 Force Lance              Conj/Tloc      ###.....     36%         4    ####...


Dungeon Overview and Level Annotations

Branches:
Dungeon (3/15)

Altars:
Wu Jian


Message History

The magic dart hits the orc priest.
The orc priest is moderately wounded.
The orc priest invokes the aid of Beogh against you.
Beogh smites you!
Ouch! That really hurt!
* * * LOW HITPOINT WARNING * * *
You feel much better.
A kobold comes into view. It is wielding a +3 short sword.
The orc priest mumbles some strange prayers to Beogh against you.
Beogh smites you!
Ouch! That really hurt!
You hit the orc priest but do no damage.
The orc priest is moderately wounded.
The orc priest hits you with a +2 flail of holy wrath!
* * * LOW HITPOINT WARNING * * *
You barely miss the orc priest.
The orc priest is moderately wounded.
You closely miss the kobold. The orc priest misses you.
The kobold hits you with a +3 short sword.
You die...

### ### .. .)
#. )# # #.#.#
####.#.oK# #..
......"@## #.#
####.....# #.#
#.###.# #.#
#.# #.# #.#
#.###.# #.#
#..##.# #.###
#..##.###...##
#..##....>...#
#..####...####


You could see an orc priest and a kobold.

Vanquished Creatures
  An orc priest (D:3)
  An orc wizard (D:3)
  An adder (D:2)
  A leopard gecko (D:3)
  6 orcs (D:3)
  5 bats
  2 giant cockroaches (D:3)
  5 goblins
  5 hobgoblins
  5 jackals (D:3)
  11 kobolds
  2 quokkas
  5 rats
50 creatures vanquished.

Notes
Turn   | Place    | Note
-------+----------+-------------------------------------------
     0 | D:1      | Bronimir the Deep Elf Conjurer began the quest for the Orb.
     0 | D:1      | Reached XP level 1. HP: 10/10 MP: 6/6
   666 | D:2      | Reached XP level 2. HP: 15/15 MP: 5/8
   779 | D:2      | Reached skill level 5 in Conjurations
   970 | D:2      | Found an ornate altar of the Wu Jian Council.
  1085 | D:2      | Reached XP level 3. HP: 17/19 MP: 9/9
  1124 | D:2      | Learned a level 2 spell: Searing Ray
  1128 | D:2      | Learned a level 3 spell: Dazzling Spray
  1657 | D:3      | Reached skill level 1 in Hexes
  1657 | D:3      | Reached XP level 4. HP: 14/24 MP: 1/11
  2389 | D:3      | HP: 1/24 [orc priest/divine providence (13)]
  2393 | D:3      | Slain by a kobold

Levels and vault maps discovered:
D:1:      dpeg_arrival_tiny_g, layout_basic
D:2:      layout_basic, overflow_temple_1_default
D:3:      corexii_shack_village, layout_loops_ring, zin_treasury

Skill      XL: |  1  2  3 |
---------------+----------+-----
Conjurations   | 5 |  5.8
Hexes          | 1 |  1.3
Axes           | |  0.9
Armour         | |  0.7
Dodging        | |  2.7
Stealth        | |  2.5
Spellcasting   | |  3.6

Action                   |  1- 3 |  4- 6 || total
-------------------------+-------+-------++-------
Melee: War axe           |    22 |    11 ||    33
 Cast: Magic Dart        |    39 |    22 ||    61
       Searing Ray       |     2 |     2 ||     4
  Use: Potion            |       |     2 ||     2
 Stab: Sleeping          |     3 |     1 ||     4
  Eat: Chunk             |     2 |       ||     2
       Ration            |       |     1 ||     1
Armor: Robe              |     6 |       ||     6
Dodge: Dodged            |    30 |    12 ||    42
